 Dungeon Crawl Stone Soup version 0.30-a0-583-g19bae12e61 (webtiles) character file.

Game seed: 12659196482621598177

16043 CoinPitGoblin the Basher (level 12, -11/77 HPs)
             Began as a Gargoyle Fighter on Jan 1, 2023.
             Was a High Priest of Okawaru.
             Mangled by a fire elemental (13 damage)
             ... summoned by a deep elf pyromancer
             ... on level 13 of the Dungeon.
             The game lasted 00:30:34 (11318 turns).

CoinPitGoblin the Basher (Gargoyle Fighter)        Turns: 11318, Time: 00:30:35

Health: -11/77     AC: 29    Str: 26    XL:     12   Next: 33%
Magic:  12/12      EV:  8    Int:  8    God:    Okawaru [*****.]
Gold:   827        SH: 17    Dex: 15    Spells: 11/11 levels left

rFire   . . .      SeeInvis .    F - +1 flail (protect)
rCold   + . .      Faith    .    B - +0 tower shield {rC+}
rNeg    + . .      Spirit   .    I - +0 troll leather armour
rPois   ∞          Reflect  .    (no helmet)
rElec   +          Harm     .    u - scarf {repulsion}
rCorr   .          Rampage  .    m - +1 pair of gloves
Will    .....                    C - +0 pair of boots
Stlth   +                        p - amulet of regeneration
HPRegen 1.92/turn                n - +6 ring of dexterity
MPRegen 0.13/turn                Q - +4 ring of protection

@: under a protective aura, repel missiles
A: sickness immunity, AC +8, negative energy resistance 1, electricity
resistance, torment resistance 1, petrification resistance
a: Renounce Religion, Heroism, Finesse, Duel


You were on level 13 of the Dungeon.
You worshipped Okawaru.
Okawaru was extremely pleased with you.
You visited 2 branches of the dungeon, and saw 14 of its levels.
You also visited: Ossuary and Ice Cave.

You collected 827 gold pieces.

Inventory:

Hand Weapons
 a - a +1 flail
 F - a +1 flail of protection (weapon)
 K - a +0 dire flail
 U - a +0 morningstar
Missiles
 f - a throwing net
 g - 2 datura-tipped darts
 q - 46 poisoned darts
 t - 2 boomerangs
 M - 2 curare-tipped darts
Armour
 m - a +1 pair of gloves (worn)
 u - a scarf of repulsion (worn)
 B - a +0 tower shield of cold resistance (worn)
 C - a +0 pair of boots (worn)
 I - a +0 troll leather armour (worn)
Jewellery
 b - an amulet of reflection
 n - a +6 ring of dexterity (left hand)
 p - an amulet of regeneration (around neck)
 E - a ring of flight
 N - a +6 ring of intelligence
 Q - a +4 ring of protection (right hand)
Wands
 h - a wand of paralysis (11)
 y - a wand of iceblast (18)
 G - a wand of acid (10)
 P - a wand of digging (1)
Scrolls
 i - a scroll of teleportation
 j - 6 scrolls of amnesia
 l - 3 scrolls of enchant weapon
 w - 4 scrolls of blinking
 A - 2 scrolls of identify
 D - 2 scrolls of immolation
 H - a scroll of enchant armour
 T - a scroll of poison
Potions
 d - 3 potions of lignification
 e - 3 potions of haste
 k - 5 potions of heal wounds
 o - a potion of degeneration
 r - a potion of ambrosia
 s - a potion of berserk rage
 v - 4 potions of attraction
 x - 6 potions of curing
 z - a potion of cancellation
 J - a potion of brilliance
 O - a potion of magic
 R - 4 potions of mutation
 S - a potion of flight {unknown}


   Skills:
 + Level 9.8 Fighting
 + Level 13.6 Maces & Flails
 + Level 8.7 Armour
 + Level 10.8 Shields
 * Level 1.2 Invocations


You had 11 spell levels left.
You didn't know any spells.
Your spell library contained the following spells:

 Spells                   Type           Power      Damage    Failure   Level
 Apportation              Tloc           0%         N/A       95%         1
 Beastly Appendage        Tmut           0%         N/A       95%         1
 Necrotise                Necr           0%         1d4       95%         1
 Ensorcelled Hibernation  Hex/Ice        0%         N/A       99%         2
 Static Discharge         Conj/Air       0%         2-2/arc   99%         2
 Wereblood                Tmut           0%         N/A       99%         2
 Dazzling Flash           Conj/Hex       0%         N/A       100%        3
 Spider Form              Tmut/Pois      0%         N/A       100%        3
 Vhi's Electric Charge    Tloc/Air       0%         N/A       100%        3
 Anguish                  Hex/Necr       0%         N/A       100%        4
 Iskenderun's Mystic Bla  Conj/Tloc      0%         2d3       100%        4
 Manifold Assault         Tloc           0%         N/A       100%        4
 Arcjolt                  Conj/Air       0%         1d10      100%        5
 Lightning Bolt           Conj/Air       0%         1d11      100%        5
 Dispersal                Tloc           0%         N/A       100%        6
 Starburst                Conj/Fire      0%         6d3       100%        6
 Disjunction              Tloc           0%         N/A       100%        8
 Summon Small Mammal      Summ           Unusable   N/A       N/A         1

Dungeon Overview and Level Annotations

Branches:
Dungeon (13/15)            Temple (1/1) D:5            Lair (0/5) D:9
    Orc (0/2) D:11        Ossuary (visited)           IceCv (visited)
 Vaults: D:13-14

Altars:
Ashenzari
Cheibriados
Dithmenos
Elyvilon
Fedhas
Gozag
Hepliaklqana
Kikubaaqudgha
Makhleb
Nemelex Xobeh
Okawaru
Qazlal
Ru
Sif Muna
Trog
Uskayaw
Vehumet
Wu Jian
Xom
Yredelemnul
Zin
The Shining One

Shops:
D:4 !*!(?   D:10 =   D:13 *


Innate Abilities, Weirdness & Mutations

You are immune to sickness and miasma.
Your stone body is resilient. (AC +8)
You are immune to poison.
You resist negative energy. (rN+)
You are resistant to electric shocks. (rElec)
You are resistant to unholy torment.
You are immune to petrification.


Message History

The deep elf pyromancer is heavily wounded.
The fire elemental hits you. The fire elemental burns you!
You block the fire elemental's attack.
The deep elf pyromancer barely misses you.
You sock the deep elf pyromancer!
The deep elf pyromancer is almost dead.
You block the fire elemental's attack. The fire elemental barely misses you.
The fire elemental hits you. The fire elemental burns you!
The deep elf pyromancer hits you but does no damage.
You block the fire elemental's attack. x2
The fire elemental closely misses you.
You hit the deep elf pyromancer.
The deep elf pyromancer is almost dead.
You block the fire elemental's attack. x3
The deep elf pyromancer hits you but does no damage.
You hit the deep elf pyromancer.
The deep elf pyromancer is almost dead.
The fire elemental hits you. The fire elemental burns you!
* * * LOW HITPOINT WARNING * * *
You block the fire elemental's attack. x2
The deep elf pyromancer barely misses you.
You closely miss the deep elf pyromancer.
The deep elf pyromancer is almost dead.
You block the fire elemental's attack. x3
The deep elf pyromancer points at you and mumbles some strange words.
The bolt of fire hits you!
* * * LOW HITPOINT WARNING * * *
You block the fire elemental's attack. The fire elemental hits you.
The fire elemental burns you!
* * * LOW HITPOINT WARNING * * *
The fire elemental hits you. The fire elemental burns you!
* * * LOW HITPOINT WARNING * * *
You barely miss the deep elf pyromancer.
The deep elf pyromancer is almost dead.
You block the fire elemental's attack.
You block the deep elf pyromancer's attack.
The fire elemental hits you. The fire elemental burns you!
* * * LOW HITPOINT WARNING * * *
The fire elemental hits you. The fire elemental burns you!
You die...

#..# #...#
.. #....#
##. ##.....#
#..
##......#
#.##.......#
#...E.e....#
+...@E....#
#....E...?#
#.<.......#
#######+###
#######
<.....#
###.#.#


You could see a deep elf pyromancer and 3 fire elementals.

Vanquished Creatures
  A boulder beetle (D:12)
  Pikel (D:6)
  2 cyclopes
  2 ugly things (D:12)
  2 manticores (D:12)
  4 kobold demonologists
  3 unseen horrors
  An unseen horror zombie (D:9)
  4 trolls
  A hornet (D:9)
  Sigmund (D:6)
  2 shadows
  A wraith (D:11)
  A wyvern (D:9)
  16 yaks (D:11)
  A vampire (D:12)
  7 vampire mosquitoes
  A steam dragon (D:7)
  An acid dragon (D:11)
  Duvessa (D:6)
  2 water moccasins
  3 orc warriors
  4 black bears
  4 centaurs
  A phantom (D:5)
  An elf zombie (Ossuary)
  6 kobold brigands
  2 bullfrogs
  A gnoll sergeant (D:7)
  5 necrophages
  A scorpion (D:7)
  19 wights
  Dowan (D:6)
  6 killer bees
  2 howler monkeys
  A human zombie (D:9)
  6 centaur zombies
  6 hounds
  A gnoll bouda (D:5)
  8 orc priests
  A jelly (D:7)
  Terence (D:2)
  Jessica (D:2)
  4 iguanas
  7 orc wizards
  A hound zombie (Ossuary)
  4 mummies
  A howler monkey zombie (D:9)
  9 adders
  8 gnolls
  14 white imps
  2 ufetubi (D:4)
  2 adder zombies (Ossuary)
  A worm (D:2)
  3 dart slugs
  37 orcs
  5 endoplasms
  3 giant cockroaches
  9 goblins
  7 hobgoblins
  5 jackals (D:2)
  36 kobolds
  3 quokkas
  6 ball pythons
  5 bats
  3 frilled lizards
  2 gnoll zombies (Ossuary)
  4 goblin zombies (Ossuary)
  3 hobgoblin zombies (Ossuary)
  3 jackal zombies (Ossuary)
  A kobold zombie (Ossuary)
  2 orc zombies (Ossuary)
  5 quokka zombies (Ossuary)
  6 rats
  6 rat zombies (Ossuary)
343 creatures vanquished.

Vanquished Creatures (others)
  An orc wizard (D:8)
  A plant (D:4)
  4 toadstools (D:1)
6 creatures vanquished.

Grand Total: 349 creatures vanquished

Notes
Turn   | Place    | Note
-------+----------+-------------------------------------------
     0 | D:1      | CoinPitGoblin the Gargoyle Fighter began the quest for the
                  | Orb.
     0 | D:1      | Reached XP level 1. HP: 14/14 MP: 1/1
    66 | D:1      | Reached XP level 2. HP: 19/19 MP: 2/2
   538 | D:1      | Reached XP level 3. HP: 23/23 MP: 3/3
   712 | D:2      | Noticed Terence
   752 | D:2      | Killed Terence
   753 | D:2      | Reached skill level 3 in Maces & Flails
   753 | D:2      | Reached XP level 4. HP: 29/29 MP: 4/4
  1129 | D:2      | Noticed Jessica
  1136 | D:2      | Killed Jessica
  1182 | D:2      | Reached XP level 5. HP: 33/33 MP: 5/5
  1476 | D:3      | Found a faded altar of an unknown god.
  1825 | D:3      | Found a glowing golden altar of the Shining One.
  1827 | D:3      | Found a glowing silver altar of Zin.
  1828 | D:3      | Found a white marble altar of Elyvilon.
  2136 | D:3      | Reached skill level 4 in Maces & Flails
  2342 | D:3      | Found an iron altar of Okawaru.
  2343 | D:3      | Found a bloodstained altar of Trog.
  2449 | D:4      | Found Saso's Magic Scroll Emporium.
  2524 | D:4      | Reached XP level 6. HP: 27/38 MP: 6/6
  2608 | D:4      | Found a sand-covered staircase.
  2686 | Ossuary  | Entered an ossuary
  2830 | Ossuary  | Reached skill level 5 in Maces & Flails
  2928 | Ossuary  | Reached XP level 7. HP: 44/44 MP: 7/7
  3161 | D:4      | Found Konerarol's Antique Weapon Boutique.
  3166 | D:4      | Found Bauthuin's Assorted Antiques.
  3250 | D:4      | Found Tifuepru's Distillery.
  3353 | D:4      | Reached skill level 6 in Maces & Flails
  3445 | D:4      | Found Hethroyju's Distillery.
  3617 | D:4      | Found a large runed translucent door.
  3618 | D:4      | Found a large runed translucent door.
  3832 | D:4      | Reached skill level 5 in Armour
  3845 | D:4      | Reached skill level 5 in Fighting
  3852 | D:4      | Found a hide-covered altar of Uskayaw.
  3855 | D:4      | Found a radiant altar of Vehumet.
  3904 | D:5      | Entered Level 5 of the Dungeon
  4032 | D:5      | Reached XP level 8. HP: 46/49 MP: 8/8
  4045 | D:5      | Reached skill level 5 in Shields
  4131 | D:5      | Reached skill level 7 in Maces & Flails
  4509 | D:5      | Found a staircase to the Ecumenical Temple.
  4595 | D:5      | Found a sparkling altar of Nemelex Xobeh.
  4595 | D:5      | Found a blossoming altar of Fedhas.
  4683 | Temple   | Entered the Ecumenical Temple
  4792 | D:3      | Became a worshipper of Warmaster Okawaru
  4980 | D:6      | Noticed Dowan
  4981 | D:6      | Noticed Duvessa
  4990 | D:6      | Killed Duvessa
  5003 | D:6      | Killed Dowan
  5057 | D:6      | Noticed Pikel
  5080 | D:6      | Noticed Sigmund
  5085 | D:6      | Killed Pikel
  5085 | D:6      | Reached * piety under Okawaru
  5086 | D:6      | Reached skill level 8 in Maces & Flails
  5086 | D:6      | Reached XP level 9. HP: 48/55 MP: 9/9
  5091 | D:6      | Killed Sigmund
  5247 | D:6      | Reached ** piety under Okawaru
  5253 | D:6      | Reached skill level 9 in Maces & Flails
  5440 | D:6      | Found a broken altar of Ashenzari.
  5738 | D:6      | Found a sacrificial altar of Ru.
  6199 | D:7      | Identified the +1 leather armour "Unwemn" {Fly rF+ rC+
                  | Dex+2}
  6226 | D:7      | Reached XP level 10. HP: 63/63 MP: 10/10
  6246 | D:7      | Reached skill level 10 in Maces & Flails
  6505 | D:8      | Identified the +4 robe of Inevoudgh {rPois rCorr Dex+3}
  6649 | D:8      | Identified the +2 leather armour "Woyrch" {*Slow rElec
                  | rPois Int+6}
  6830 | D:8      | Found a basalt altar of Yredelemnul.
  7235 | D:9      | Found an ornate altar of the Wu Jian Council.
  7262 | D:9      | Reached *** piety under Okawaru
  7534 | D:9      | Noticed a kobold demonologist
  7543 | D:9      | Noticed a kobold demonologist
  7550 | D:9      | Killed a kobold demonologist
  7551 | D:9      | Reached skill level 11 in Maces & Flails
  7560 | D:9      | Killed a kobold demonologist
  7646 | D:9      | Found a staircase to the Lair.
  7695 | D:9      | Reached **** piety under Okawaru
  7696 | D:9      | Reached XP level 11. HP: 58/68 MP: 11/11
  8118 | D:9      | Found an ancient bone altar of Kikubaaqudgha.
  8307 | D:10     | Entered Level 10 of the Dungeon
  8829 | D:10     | Reached skill level 12 in Maces & Flails
  9108 | D:10     | Found Abapnood's Jewellery Boutique.
  9208 | D:11     | Found a frozen archway.
  9251 | D:11     | Reached ***** piety under Okawaru
  9306 | IceCv    | Entered an ice cave
  9306 | IceCv    | Noticed a white ugly thing
  9321 | IceCv    | Found a transporter.
  9325 | IceCv    | Noticed a white ugly thing
  9329 | IceCv    | Found a transporter.
  9435 | D:11     | Received a gift from Okawaru
  9528 | D:11     | Found a staircase to the Orcish Mines.
  9717 | D:11     | Noticed a cyclops
  9743 | D:11     | Killed a cyclops
  9983 | D:11     | Reached skill level 13 in Maces & Flails
 10172 | D:11     | Found a burning altar of Makhleb.
 10172 | D:11     | Noticed a green death
 10337 | D:12     | Noticed a white ugly thing
 10351 | D:12     | Killed a white ugly thing
 10352 | D:12     | Reached XP level 12. HP: 76/76 MP: 12/12
 10456 | D:12     | Reached skill level 10 in Shields
 10910 | D:12     | Noticed a boulder beetle
 10930 | D:12     | Killed a boulder beetle
 10931 | D:12     | Reached skill level 1 in Invocations
 11263 | D:13     | Found Ajoach's Assorted Antiques.
 11318 | D:13     | HP: 2/77 [fire elemental[a deep elf pyromancer] (11)]
 11318 | D:13     | Mangled by a fire elemental

Illustrated notes

Levels and vault maps discovered:
D:1:      ldierk_walled_garden_2, layout_loops_ring
D:2:      layout_basic, serial_park_tiny_1, uniq_terence, uniq_jessica
D:3:      layout_loops_corners, good_gods_temple_1,
          grunt_temple_overflow_bloody_war, shapermc_ecumenical_altar_venn
D:4:      layout_gridville, jmf_multi_god_temple2, serial_shops,
          nicolae_shop_overgrown_old_shop, nicolae_shop_window_shopping,
          nicolae_diamond_shop, nicolae_shop_statue_plus, shop, enter_ossuary_2
D:5:      layout_rooms, gammafunk_temple_overflow_elements,
          minmay_temple_entry_stoned_glass, kennysheep_pointless_box
D:6:      layout_loops_ring, kennysheep_little_box, mainiacjoe_overflow_paths,
          uniq_duvessa, uniq_sigmund, uniq_pikel
D:7:      layout_basic, st_stairs_1
D:8:      layout_cave_pools, mainiacjoe_overflow_brackets
D:9:      layout_roguey, lemuel_doored_altar,
          lemuel_mausoleum_altar_kikubaaqudgha, lair_entry_dummy,
          grunt_decor_clamped, grunt_decor_resistance
D:10:     layout_roguey, serial_shops, kennysheep_mini
D:11:     layout_roguey, orc_0_dummy, portal_ice_cave_entry_imps,
          makhleb_altar_promises_db
D:12:     layout_loops_ring, minmay_misc_feat_cross
D:13:     layout_roguey, serial_shops, nicolae_shop_advertising_works
          [nicolae_subvault_shop_adworks], shop, nicolae_lakefront_shop,
          nicolae_figureground_sparkle
Temple:   hellmonk_temple_rainy

Skill      XL: |  1  2  3  4  5  6  7  8  9 10 11 12 |
---------------+-------------------------------------+-----
Maces & Flails | 3 4 5 6 8 9 11 13 | 13.6
Fighting       | 4 5 6 7 8 9 |  9.8
Shields        | 4 5 6 7 9 10 | 10.8
Armour         | 4 5 6 7 8 |  8.7
Invocations    | 1 |  1.2

Action                   |  1- 3 |  4- 6 |  7- 9 | 10-12 || total
-------------------------+-------+-------+-------+-------++-------
Melee: Flail             |    84 |   280 |   414 |   933 ||  1711
Invok: Heroism           |       |       |     3 |     4 ||     7
  Use: Potion            |     1 |       |     3 |     2 ||     6
       Scroll            |       |       |    18 |     8 ||    26
 Stab: Sleeping          |       |       |       |     1 ||     1
Armor: Scale mail        |    48 |   181 |   241 |   169 ||   639
       Troll leather arm |       |       |       |   473 ||   473
       Skin              |       |       |       |     2 ||     2
Dodge: Dodged            |    32 |   158 |   212 |   439 ||   841
       Repelled          |       |       |     2 |    18 ||    20
Block: Buckler           |    21 |    87 |   137 |   257 ||   502
       Tower shield      |       |       |       |   243 ||   243

Table legend: (Time is in decaauts)
 A = Elapsed time spent in this place.
 B = Non-inter-level travel time spent in this place.
 C = Inter-level travel time spent in this place.
 D = Time resting spent in this place.
 E = Time spent auto-exploring this place.
 F = Levels seen in this place.
 G = Mean time per level.
                   A        B        C        D        E       F      G
               +--------+--------+--------+--------+--------+-----+--------+
         Total |  11323 |   9991 |   1332 |    100 |   6865 |  16 |  707.7 |
       Dungeon |  10782 |   9458 |   1324 |    100 |   6627 |  13 |  829.4 |
        Temple |     58 |     50 |      8 |      0 |      9 |   1 |   58.0 |
       Ossuary |    455 |    455 |      0 |      0 |    229 |   1 |  455.0 |
      Ice Cave |     27 |     27 |      0 |      0 |      0 |   1 |   27.0 |
               +--------+--------+--------+--------+--------+-----+--------+

Top non-repeatable levels by time:
     D:9: 1171 daAuts
     D:3: 1142 daAuts
     D:4: 1136 daAuts
    D:11: 1036 daAuts
    D:12: 1007 daAuts
     D:6: 1002 daAuts
     D:5: 853 daAuts
    D:10: 782 daAuts
     D:1: 720 daAuts
     D:2: 708 daAuts
     D:8: 604 daAuts
     D:7: 602 daAuts
 Ossuary: 455 daAuts
  Temple: 58 daAuts
   IceCv: 27 daAuts
